 Dungeon Crawl Stone Soup version 0.31.0-12-g77e489cdc1 (webtiles) character file.

Game seed: 8603203783989725938

58 cdecastro the Ruffian (level 3, 0/42 HPs)
             Began as a Draconian Shapeshifter on Feb 15, 2024.
             Slain by Ijyb
             ... wielding a +1 dagger of flaming
              (2 damage)
             ... on level 3 of the Dungeon.
             The game lasted 00:01:49 (1292 turns).

cdecastro the Ruffian (Draconian Shapeshifter)      Turns: 1292, Time: 00:01:50

Health: 0/42       AC: 21    Str: 16    XL:     3   Next: 76%
Magic:  3/3        EV:  2    Int: 10    God:
Gold:   52         SH:  0    Dex: 12    Spells: 2/2 levels left

rFire   . .          .
                       - Unarmed
rCold   . . .        (no shield)
rNeg    . . .        (body armour unavailable)
rPois   +            (helmet currently unavailable)
rElec   .            (cloak currently unavailable)
rCorr   .            (gloves currently unavailable)
SInv    .            (boots currently unavailable)
Will    .....        (no amulet)
Stlth   +            (no ring)
HPRegen 0.27/turn    (no ring)
MPRegen 0.08/turn

%: no passive effects
@: confused, tree-form
A: stationary, stasis, torment immunity, boosted hp, AC +5, unfitting armour,
(cold-blooded)
a: no special abilities


You were on level 3 of the Dungeon.
You were a tree.
You visited 1 branch of the dungeon, and saw 3 of its levels.

You collected 52 gold pieces.

Inventory:

Armour
 d - a +0 cloak
Talismans
 b - a beast talisman
 c - a flux talisman
Scrolls
 e - a scroll of fear {unknown}
 f - a scroll of teleportation {unknown}
Potions
 g - a potion of heal wounds {unknown}
 h - a potion of attraction {unknown}


   Skills:
 - Level 1.1 Fighting
 - Level 1.7 Dodging
 * Level 4.2 Unarmed Combat
 + Level 3.5 Shapeshifting


You had 2 spell levels left.
You didn't know any spells.
Your spell library was empty.

Dungeon Overview and Level Annotations

Branches:
Dungeon (3/15)

Altars:

Annotations:
D:3 Ijyb


Innate Abilities, Weirdness & Mutations

You are a tree.
Your roots penetrate the ground, keeping you stationary.
You cannot be teleported.
You are immune to unholy pain and torment.
Your maximum health is greatly increased.
Your equipment is partially melded.
((Your plain brown scales are hard. (AC +5)))
You cannot fit into any form of body armour.
((You are cold-blooded and may be slowed by cold attacks.))


Message History

Ijyb burns you.
You bump into the rock wall.
Ijyb closely misses you.
You closely miss Ijyb.
Ijyb is lightly wounded.
Ijyb hits you with a +1 dagger of flaming.
* * * LOW HITPOINT WARNING * * *
Ijyb burns you.
* * * LOW HITPOINT WARNING * * *
You miss Ijyb. You tail-slap Ijyb.
Ijyb is moderately wounded.
Ijyb hits you with a +1 dagger of flaming.
* * * LOW HITPOINT WARNING * * *
Ijyb burns you.
* * * LOW HITPOINT WARNING * * *
You closely miss Ijyb.
Ijyb is moderately wounded.
Ijyb hits you with a +1 dagger of flaming.
* * * LOW HITPOINT WARNING * * *
Ijyb burns you.
* * * LOW HITPOINT WARNING * * *
You bump into the rock wall.
Ijyb barely misses you.
Your transformation has ended.
You turn into a tree.
Your roots penetrate the ground.
Ijyb hits you but does no damage.
Unknown command.
You cannot move. (Use ctrl+direction or * direction to attack while stationary and confused.)
You are too injured to fight recklessly!
You nearly hit yourself!
Ijyb hits you but does no damage.
You closely miss Ijyb.
Ijyb is moderately wounded.
A white imp comes into view.
Ijyb hits you with a +1 dagger of flaming.
* * * LOW HITPOINT WARNING * * *
Ijyb burns you.
* * * LOW HITPOINT WARNING * * *
You attack the rock wall.
Ijyb hits you with a +1 dagger of flaming.
* * * LOW HITPOINT WARNING * * *
Ijyb burns you.
You die...

### ###
#.#############<#
#............##.#
#.##########.##.#
#.# #.##.# #.#
#....#
#.###############
#...).)♣g5.......
#########†..####..
.......†.........
########...####.#
.......')..#..
########...#.#
#......g.#.#
#.###....#.#
####.###....#.#


You could see Ijyb and a white imp.

Vanquished Creatures
  3 adders
  A dart slug (D:2)
  A ribbon worm (D:2)
  A bat (D:1)
  An endoplasm (D:1)
  7 goblins
  2 hobgoblins
  2 quokkas (D:2)
  2 ball pythons (D:3)
  4 kobolds
  4 rats
28 creatures vanquished.

Notes
Turn   | Place    | Note
-------+----------+-------------------------------------------
     0 | D:1      | cdecastro the Draconian Shapeshifter began the quest for
                  | the Orb.
     0 | D:1      | Reached XP level 1. HP: 16/16 MP: 1/1
   638 | D:2      | Reached XP level 2. HP: 19/23 MP: 2/2
   844 | D:2      | Reached XP level 3. HP: 6/28 MP: 3/3
  1067 | D:3      | Reached skill level 4 in Unarmed Combat
  1261 | D:3      | Noticed Ijyb
  1292 | D:3      | HP: 2/42 [Ijyb/+1 dagger of flaming (4)]
  1292 | D:3      | Slain by Ijyb

Illustrated notes

Levels and vault maps discovered:
D:1:      eino_arrival_tree_alley, layout_basic
D:2:      layout_basic, uniq_terence
D:3:      minmay_evil_eye, layout_basic, amcnicky_altar_gilded,
          xom_confusion_cloud, serial_shops, nicolae_shop_getting_attention,
          uniq_robin, uniq_ijyb, uniq_jessica, uniq_sigmund

Skill      XL: |  1  2  3 |
---------------+----------+-----
Unarmed Combat | 4 |  4.2
Fighting       | |  1.1
Dodging        | |  1.7
Shapeshifting  | |  3.5

Action                     || total
---------------------------++-------
  Melee: Unarmed           ||    79
         Tailslap          ||     7
         Punch             ||     2
    Use: Potion            ||     1
 Armour: Skin              ||    49
  Dodge: Dodged            ||    34
